 Dungeon Crawl Stone Soup version 0.21.1-1-g345015f (webtiles) character file.

3752 Monzz the Slicer (level 9, -11/68 HPs)
             Began as a Demonspawn Gladiator on May 14, 2018.
             Was an Elder of Okawaru.
             Mangled by a six-headed hydra (13 damage)
             ... on level 8 of the Dungeon.
             The game lasted 00:29:49 (6542 turns).

Monzz the Slicer (Demonspawn Gladiator)             Turns: 6542, Time: 00:29:50

Health: -11/68     AC:  9    Str: 21    XL:     9   Next: 93%
Magic:  9/9        EV: 19    Int: 15    God:    Okawaru [****..]
Gold:   427        SH:  0    Dex: 16    Spells: 8/8 levels left

rFire    . . .     SeeInvis .   z - +4 dagger "Morg" {pain, MR+ Int+5}
rCold    . . .     Gourm    .   (no shield)
rNeg     . . .     Faith    .   O - +0 ring mail
rPois    +         Spirit   .   c - +0 helmet
rElec    .         Reflect  .   (no cloak)
rCorr    +         Harm     .   o - +0 pair of gloves
MR       +....                  k - +0 pair of boots
Stlth    ++........             i - amulet of regeneration
HPRegen  0.61/turn              m - ring of poison resistance
MPRegen  0.11/turn              u - ring of resist corrosion

@: mighty, about to teleport, repel missiles
A: repulsion field 3, powered by pain 1, spiny 1
a: Heroism, Renounce Religion


You were on level 8 of the Dungeon.
You worshipped Okawaru.
Okawaru was greatly pleased with you.
You were hungry.

You visited 1 branch of the dungeon, and saw 8 of its levels.
You also visited: Sewer and Ossuary.

You collected 427 gold pieces.

Inventory:

Hand Weapons
 a - a +0 flail
 q - a +4 dagger of flaming
 x - a cursed -1 flail
 z - the +4 dagger "Morg" (weapon) {pain, MR+ Int+5}
   (You found it on level 7 of the Dungeon)

   In the hands of one skilled in necromantic magic, it inflicts extra damage on
   living creatures.
   It affects your intelligence (+5).
   It affects your resistance to hostile enchantments.
 A - a -3 hunting sling
 C - a +0 blowgun
 D - a +0 short sword of protection
 L - a +0 whip of flaming
Missiles
 d - 4 throwing nets (quivered)
 g - 26 poisoned needles
 E - 36 bolts
Armour
 c - a +0 helmet (worn)
 k - a +0 pair of boots (worn)
 o - a +0 pair of gloves (worn)
 O - a +0 ring mail (worn)
Jewellery
 i - an amulet of regeneration (around neck)
 m - a ring of poison resistance (left hand)
 u - a ring of resist corrosion (right hand)
Wands
 b - a wand of iceblast (11)
 t - a wand of acid (1)
 B - a wand of polymorph (15)
Scrolls
 e - 2 scrolls of enchant weapon
 j - 10 scrolls of identify
 l - a scroll of amnesia
 p - a scroll of acquirement {unknown}
 r - a scroll of teleportation
 G - a scroll of fog
 H - a scroll of silence {unknown}
 I - 2 scrolls of blinking
 K - a scroll of holy word {unknown}
 M - a scroll of fear {unknown}
 N - a scroll of remove curse
Potions
 h - 6 potions of curing
 n - 3 potions of heal wounds
 s - 3 potions of brilliance
 w - 2 potions of haste
 J - a potion of resistance {unknown}
Books
 v - a book of Conjurations

   Spells                             Type                      Level
   a - Magic Dart                     Conjuration                  1
   b - Searing Ray                    Conjuration                  2
   c - Dazzling Spray                 Conjuration/Hexes            3
   d - Fulminant Prism                Conjuration/Hexes            4
   e - Force Lance                    Conjuration/Translocation    4
   f - Iskenderun's Mystic Blast      Conjuration                  4
 y - a book of Air

   Spells                             Type                      Level
   a - Shock                          Conjuration/Air              1
   b - Swiftness                      Charms/Air                   2
   c - Static Discharge               Conjuration/Air              3
   d - Airstrike                      Air                          4
   e - Lightning Bolt                 Conjuration/Air              5
Comestibles
 f - 17 rations


   Skills:
 + Level 5.2 Fighting
 * Level 8.6 Short Blades
 - Level 3.6 Maces & Flails
 + Level 1.8 Throwing
 + Level 3.7 Armour
 + Level 6.1 Dodging
 * Level 5.0 Stealth


You had 8 spell levels left.
You didn't know any spells.

Dungeon Overview and Level Annotations

Branches:
Dungeon (8/15)             Temple (0/1) D:7
   Lair: D:8-11

Altars:
Ashenzari
Cheibriados
Hepliaklqana
Okawaru
Vehumet
Yredelemnul
Zin
The Shining One

Shops:
D:7 =   D:8 %

Annotations:
D:6 RudyRod's ghost, novice FoFi


Innate Abilities, Weirdness & Mutations

You are surrounded by a strong repulsion field. (EV +4, RMsl)
You sometimes gain a little power by taking damage.
You are partially covered in sharp spines.


Message History

The six-headed hydra completely misses you.
The six-headed hydra bites you.
* * * LOW HITPOINT WARNING * * *
The six-headed hydra bites you but does no damage.
You feel much better.
The six-headed hydra is struck by your spines.
The six-headed hydra closely misses you.
The six-headed hydra bites you!
* * * LOW HITPOINT WARNING * * *
The six-headed hydra bites you but does no damage.
The six-headed hydra misses you.
The six-headed hydra completely misses you.
The six-headed hydra bites you!
* * * LOW HITPOINT WARNING * * *
As you read the scroll of teleportation, it crumbles to dust.
You feel strangely unstable.
The six-headed hydra is struck by your spines.
The six-headed hydra bites you but does no damage.
The six-headed hydra bites you!
You die...

#...........# .#
...
#.###>#..#......
##.# #..∩.#.(##.#
#..###.####..# #
###......##[...#
#...#..........#
#.#####.###.###
##...#...###.##...
#....#....@.......
#.#.....###D......
#.##.........:....
#. ##.#.$##.......
#. #.#..# .#.#...
#. #.#........ ..
#....##.# ## #
###### .#


You could see a six-headed hydra.

Vanquished Creatures
  Joseph (D:8)
  A wraith (Ossuary)
  An orc warrior (D:6)
  2 sky beasts (D:6)
  10 ogres
  A centaur (D:4)
  A big kobold (D:7)
  3 elf zombies (Ossuary)
  3 bullfrogs
  3 killer bees
  3 wights (D:7)
  2 howler monkeys (D:7)
  2 crimson imps (D:5)
  2 human zombies (Ossuary)
  2 centaur skeletons (D:4)
  2 hounds
  A centaur zombie (D:3)
  2 bullfrog skeletons
  3 iguanas
  5 orc priests
  Natasha (thrice) (D:3)
  7 worker ants
  3 orc wizards
  A big kobold zombie (Ossuary)
  2 hound skeletons
  3 mummies (Ossuary)
  A howler monkey skeleton (D:4)
  4 gnolls (D:6)
  12 adders
  2 shadow imps (D:7)
  An ooze (D:3)
  2 adder skeletons
  3 dart slugs
  4 worms
  3 leopard geckos
  10 orcs
  7 giant cockroaches
  4 hobgoblins
  9 jackals
  4 quokkas
  3 ball pythons
  A ball python skeleton (D:4)
  3 bats
  7 frilled lizards
  4 goblins
  A goblin zombie (Ossuary)
  2 hobgoblin zombies (Ossuary)
  A jackal zombie (D:7)
  16 kobolds
  2 kobold zombies (Ossuary)
  2 leopard gecko zombies (D:5)
  An orc zombie (Ossuary)
  A quokka zombie (D:6)
  16 rats
195 creatures vanquished.

Vanquished Creatures (others)
  An orc zombie (D:7)
1 creature vanquished.

Grand Total: 196 creatures vanquished

Notes
Turn   | Place    | Note
-------+----------+-------------------------------------------
     0 | D:1      | Monzz the Demonspawn Gladiator began the quest for the Orb.
     0 | D:1      | Reached XP level 1. HP: 16/16 MP: 1/1
   136 | D:1      | Gained mutation: You are partially covered in sharp spines. [demonic ancestry]
   136 | D:1      | Reached XP level 2. HP: 22/22 MP: 2/2
   532 | D:1      | Reached XP level 3. HP: 24/27 MP: 3/3
  1396 | D:2      | Found a basalt altar of Yredelemnul.
  1502 | D:3      | Noticed Natasha
  1508 | D:3      | Killed Natasha
  1508 | D:3      | Reached skill level 1 in Armour
  1508 | D:3      | Gained mutation: You sometimes gain a little power by taking damage. [demonic ancestry]
  1508 | D:3      | Reached XP level 4. HP: 18/33 MP: 4/4
  1718 | D:3      | Found a glowing golden altar of the Shining One.
  1745 | D:3      | Noticed an ogre
  1758 | D:3      | Killed an ogre
  1758 | D:3      | Reached skill level 1 in Short Blades
  1758 | D:3      | Gained mutation: You are surrounded by a mild repulsion field. (EV +2) [demonic ancestry]
  1758 | D:3      | Reached XP level 5. HP: 24/39 MP: 5/5
  1832 | D:3      | Noticed Natasha
  1840 | D:3      | Killed Natasha
  1840 | D:3      | Reached skill level 1 in Stealth
  1846 | D:3      | Reached skill level 2 in Short Blades
  1885 | D:3      | Found a radiant altar of Vehumet.
  1896 | D:3      | Found a hazy altar of Hepliaklqana.
  1902 | D:3      | Found an iron altar of Okawaru.
  1908 | D:3      | Became a worshipper of Warmaster Okawaru
  1927 | D:3      | Noticed Natasha
  1936 | D:3      | Killed Natasha
  1936 | D:3      | Gained mutation: You are surrounded by a moderate repulsion field. (EV +3) [demonic ancestry]
  1936 | D:3      | Reached XP level 6. HP: 31/46 MP: 6/6
  2509 | D:4      | Found a glowing silver altar of Zin.
  2523 | D:4      | Reached skill level 3 in Short Blades
  2547 | D:4      | Reached * piety under Okawaru
  2626 | D:4      | Reached XP level 7. HP: 22/52 MP: 7/7
  2676 | D:4      | Reached skill level 4 in Short Blades
  2885 | D:4      | Reached skill level 5 in Short Blades
  3000 | D:4      | Reached ** piety under Okawaru
  3253 | D:5      | Entered Level 5 of the Dungeon
  3262 | D:5      | Found a snail-covered altar of Cheibriados.
  3314 | D:5      | Gained mutation: You are surrounded by a strong repulsion field. (EV +4, RMsl) [demonic ancestry]
  3314 | D:5      | Reached XP level 8. HP: 59/59 MP: 8/8
  3339 | D:5      | Found a shattered altar of Ashenzari.
  3380 | D:5      | Found a glowing drain.
  3411 | Sewer    | Entered a sewer
  4056 | D:5      | Reached skill level 6 in Short Blades
  4725 | D:6      | Reached skill level 5 in Dodging
  4736 | D:6      | Noticed RudyRod's ghost (novice FoFi)
  5010 | D:7      | Reached *** piety under Okawaru
  5037 | D:7      | Found Itaqai Izirgh's Jewellery Emporium.
  5040 | D:7      | Found the +4 dagger "Morg" {pain, MR+ Int+5}
  5066 | D:7      | Reached skill level 7 in Short Blades
  5066 | D:7      | Reached XP level 9. HP: 61/65 MP: 9/9
  5235 | D:7      | Found a staircase to the Ecumenical Temple.
  5297 | D:7      | Found a sand-covered staircase.
  5326 | Ossuary  | Entered an ossuary
  5864 | D:7      | Reached **** piety under Okawaru
  6335 | D:6      | Reached skill level 8 in Short Blades
  6368 | D:8      | Reached skill level 5 in Fighting
  6450 | D:8      | Noticed Joseph
  6468 | D:8      | Killed Joseph
  6468 | D:8      | Reached skill level 5 in Stealth
  6493 | D:8      | Found Funesuog's Food Shop.
  6532 | D:8      | Noticed a six-headed hydra
  6541 | D:8      | HP: 1/68 [six-headed hydra (12)]
  6542 | D:8      | Mangled by a six-headed hydra

Skill      XL: |  1  2  3  4  5  6  7  8  9 |
---------------+----------------------------+-----
Maces & Flails | 3 |  3.6
Dodging        | 3 4 5 6 |  6.1
Armour         | 1 2 3 |  3.7
Short Blades   | 1 2 3 5 7 8 |  8.6
Stealth        | 1 2 3 5 |  5.0
Fighting       | 3 4 5 |  5.2
Throwing       | |  1.8

Action                   |  1- 3 |  4- 6 |  7- 9 || total
-------------------------+-------+-------+-------++-------
Melee: Flail             |    94 |       |       ||    94
       Dagger            |    11 |   120 |   439 ||   570
       Hunting sling     |       |       |    91 ||    91
Evoke: Wand              |       |       |     4 ||     4
  Use: Potion            |     1 |     7 |     5 ||    13
       Scroll            |       |     7 |     6 ||    13
 Stab: Sleeping          |     2 |       |     6 ||     8
       Distracted        |       |       |     1 ||     1
  Eat: Chunk             |     2 |     4 |     9 ||    15
       Ration            |       |       |     1 ||     1
Armor: Leather armour    |    23 |    10 |    46 ||    79
       Skin              |     2 |    41 |       ||    43
       Ring mail         |       |       |     4 ||     4
Dodge: Dodged            |    60 |    49 |   326 ||   435
       Deflected         |       |       |     2 ||     2
